Map: Romanticide LE

Players

cure

  • Race: Terran Terran
  • Spawn Location: 11:00

Lambo - Winner!

  • Race: Zerg Zerg
  • Spawn Location: 5:00

Event: StayAtHome Story Cup #3

VOD

Have the link to the VOD?

Description

Time

  • Played on: March 11, 2021, 8:48 a.m.
  • Length: 27:43

All games in this series

Show
View Real Time Build Order
Export as new Build Order

cure Terran 

Build Orders: Reaper Expand, Hellion Banshee 

Get SALT Encoding   

  12  0:00  SCV  
  13  0:12  SCV  
  14  0:17  Supply Depot  
  14  0:24  SCV  
  15  0:39  SCV  
  15  0:41  Barracks  
  16  0:43  Refinery  
  16  0:51  SCV  
  17  1:03  SCV  
  18  1:15  SCV  
  19  1:27  Orbital Command  
  19  1:28  Reaper  
  20  1:38  Command Center  
  20  1:47  Supply Depot  
  20  1:54  SCV  
  21  2:00  Marine  
  22  2:06  SCV  
  23  2:11  Factory  
  23  2:18  SCV  
  23  2:20  Barracks Reactor  
  24  2:30  SCV  
  25  2:42  SCV, Command Center  
  26  2:51  Orbital Command  
  26  2:54  SCV  
  27  2:59  Starport  
  27  3:02  Refinery  
  27  3:06  SCV  
  28  3:14  Hellion x2  
  28  3:17  SCV  
  28  3:18  SCV  
  34  3:20  Barracks Tech Lab  
  34  3:29  SCV  
  34  3:30  SCV  
  36  3:37  Hellion x2  
  40  3:43  SCV x2  
  40  3:45  Banshee, Marine  
  46  3:53  Cloaking Field  
  46  3:55  SCV  
  48  3:56  Orbital Command  
  48  3:58  SCV  
  48  4:03  Hellion x2  
  48  4:08  Barracks Tech Lab  
  52  4:12  SCV x2  
  54  4:23  SCV  
  56  4:24  SCV x2, Supply Depot  
  56  4:28  Banshee, Supply Depot  
  56  4:29  Marine  
  61  4:37  Orbital Command  
  61  4:38  Stimpack  
  61  4:46  SCV x2  
  61  4:49  Refinery x2, Marine, Factory Reactor, Supply Depot  
  61  4:50  Barracks  
  61  4:51  Barracks  
  64  4:58  SCV x2, Supply Depot  
  66  5:07  Marine  
  66  5:10  SCV x2, Engineering Bay  
  66  5:12  Engineering Bay  
  66  5:13  SCV  
  70  5:16  Supply Depot  
  70  5:22  SCV x2  
  70  5:25  SCV, Marine  
  70  5:28  Supply Depot  
  74  5:29  Starport Reactor  
  74  5:34  SCV x2  
  74  5:35  Barracks x2  
  76  5:38  Terran Infantry Armor Level 1, Terran Infantry Weapons Level 1  
  76  5:42  SCV  
  77  5:44  Marine x2  
  77  5:46  SCV x2  
  77  5:48  Marine  
  77  5:49  Siege Tank  
  85  5:56  SCV  
  86  5:57  Marine x2  
  86  5:58  SCV x2  
  86  6:03  Supply Depot  
  90  6:05  Marine x2, Supply Depot  
  90  6:06  Marine, Medivac  
  90  6:08  Medivac  
  97  6:12  SCV x2  
  97  6:13  SCV  
  97  6:15  Marine  
  97  6:16  Marine  
  102  6:22  Supply Depot, Combat Shield  
  102  6:23  Marine  
  102  6:24  Barracks Reactor x2  
  103  6:28  SCV x3  
  103  6:31  Siege Tank  
  103  6:32  Marine x3  
  109  6:34  Marine  
  109  6:35  Supply Depot  
  109  6:39  Supply Depot  
  113  6:41  Marine  
  113  6:43  SCV x3  
  113  6:44  Supply Depot  
  117  6:50  Marine x3  
  117  6:51  Marine  
  117  6:52  Armory  
  121  6:56  Refinery x2  
  121  6:57  SCV x2  
  121  6:58  SCV  
  121  6:59  Marine  
  125  7:03  Marine x2  
  125  7:04  Marine x2  
  125  7:08  Marine x2  
  129  7:13  Medivac, Siege Tank  
  129  7:14  Marine x2, Medivac  
  140  7:16  Marine  
  140  7:21  Marine  
  142  7:24  SCV  
  142  7:25  SCV x2  
  145  7:31  Command Center  
  145  7:33  Missile Turret, Supply Depot  
  145  7:38  Marine x4  
  145  7:39  Marine x5  
  145  7:44  Terran Infantry Weapons Level 2  
  154  7:45  Terran Infantry Armor Level 2  
  154  7:49  Terran Vehicle Weapons Level 1  
  154  7:53  Factory  
  154  7:55  Siege Tank  
  154  7:56  Marine  
  158  7:59  Medivac  
  158  8:00  Marine x4  
  164  8:05  Supply Depot  
  164  8:08  Supply Depot  
  164  8:15  Marine  
  165  8:23  Supply Depot  
  165  8:24  Supply Depot  
  165  8:27  Marine x3  
  165  8:33  Marine x4  
  127  8:36  Marine x2  
  127  8:37  Siege Tank  
  127  8:40  Medivac x2  
  123  8:44  Marine x3  
  123  8:46  Factory Reactor  
  123  8:48  Factory Tech Lab  
  126  8:50  SCV x3, Marine x4  
  126  8:54  Marine x2  
  135  8:56  Barracks  
  135  8:58  Barracks  
  135  9:01  Barracks  
  135  9:02  Marine  
  135  9:03  SCV x3  
  136  9:10  Marine x4  
  136  9:13  Siege Tank x2  
  136  9:15  SCV  
  147  9:20  SCV x2  
  147  9:21  Planetary Fortress  
  149  9:25  Marine x4  
  149  9:30  Medivac x2  
  156  9:40  Marine x4  
  156  9:41  Unknown  
  156  9:45  Terran Vehicle Weapons Level 2, Siege Tank x2  
  166  9:50  Sensor Tower  
  166  9:54  Barracks Tech Lab x3  
  157  10:08  Marine x8  
  157  10:09  Medivac x2  
  169  10:16  Marine x2  
  169  10:17  Marauder x2, Siege Tank x2  
  181  10:26  Marine x6  
  187  10:30  Command Center  
  187  10:35  Marauder x2  
  191  10:38  Marauder  
  193  10:49  Siege Tank  
  188  10:50  Marine x4  
  188  10:51  Marauder  
  188  10:52  Marine x4  
  188  10:56  Marauder  
  200  11:02  Terran Infantry Weapons Level 3, Terran Infantry Armor Level 3, Missile Turret, Ghost Academy  
  200  11:04  Missile Turret  
  200  11:06  Missile Turret  
  200  11:22  Command Center  
  200  11:23  Command Center  
  200  11:33  Enhanced Shockwaves  
  200  11:35  Missile Turret  
  198  11:41  Concussive Shells  
  198  11:42  Missile Turret  
  194  11:51  Siege Tank x2  
  194  11:52  Marauder, Marine x6  
  194  11:53  Marauder x2  
  193  12:07  Ghost  
  195  12:13  Ghost x2  
  199  12:26  Command Center  
  199  12:36  Ghost x2  
  191  12:37  Planetary Fortress  
  191  12:41  Ghost, Siege Tank x2  
  191  12:42  Ghost  
  198  12:51  Refinery x2  
  198  12:52  Personal Cloaking  
  198  12:53  Orbital Command x2, Missile Turret  
  197  13:47  Siege Tank  
  198  13:52  Ghost  
  200  13:57  Starport x3, Fusion Core  
  200  13:58  Command Center  
  200  14:01  Command Center  
  200  14:04  Neosteel Armor, Terran Vehicle Weapons Level 3, Hi-Sec Auto Tracking  
  200  14:06  Command Center  
  198  14:10  Command Center  
  198  14:16  Ghost x3, Planetary Fortress  
  189  14:36  Ghost  
  189  14:37  Marine x4  
  195  14:41  Refinery  
  195  14:42  Missile Turret x2  
  195  14:44  Ghost  
  195  14:45  Refinery, Marauder, Missile Turret  
  199  14:58  Missile Turret  
  198  15:00  Missile Turret  
  198  15:02  Siege Tank  
  198  15:03  Ghost  
  199  15:07  Starport Reactor x3  
  199  15:08  Advanced Ballistics  
  199  15:15  Orbital Command  
  199  15:16  Orbital Command  
  193  15:31  Ghost x2, Siege Tank  
  200  15:43  Orbital Command  
  200  15:50  Armory  
  195  16:06  Missile Turret  
  195  16:07  Ghost x3  
  198  16:21  Nuke  
  191  16:37  Ghost x2  
  191  16:38  Marauder x2, Marine x4  
  188  16:41  Marine x4, Siege Tank x2  
  188  16:42  Terran Ship Weapons Level 1  
  156  16:56  Marine x4  
  156  16:57  Liberator x4  
  156  16:59  Marine x4  
  156  17:00  Marauder x2  
  180  17:05  Liberator x3  
  180  17:06  Planetary Fortress  
  180  17:07  Marauder x2  
  193  17:13  Marine, Terran Vehicle And Ship Armor Level 1, Siege Tank x2  
  193  17:15  Refinery  
  200  17:18  Sensor Tower  
  200  17:40  Refinery  
  200  17:42  Refinery  
  200  17:46  Nuke  
  177  18:02  Marine x4  
  177  18:03  Marauder x3, Marine x2, Siege Tank x2  
  177  18:04  Liberator  
  177  18:05  Liberator  
  174  18:07  Liberator x2  
  174  18:11  Marine x2  
  174  18:12  Marauder  
  184  18:14  Orbital Command  
  184  18:20  Marine x2  
  184  18:22  Marine x4  
  184  18:24  Marauder x2  
  184  18:25  SCV x3, Marauder  
  184  18:26  SCV  
  199  18:46  Marine  
  200  18:56  Command Center  
  200  18:58  Command Center  
  200  19:03  Terran Ship Weapons Level 2  
  194  19:24  Viking x3  
  197  19:50  Viking x2  
  199  19:57  Ghost  
  199  19:59  Terran Vehicle And Ship Armor Level 2  
  200  20:05  Nuke  
  200  20:08  Refinery, Orbital Command  
  200  20:09  Refinery  
  197  20:22  Viking  
  183  20:30  Viking x4  
  183  20:31  Ghost x2, Viking x2  
  183  20:34  Marine  
  200  21:04  Ghost x3  
  189  21:06  Viking x2  
  197  21:14  Viking  
  197  21:18  Viking x3  
  199  21:20  Marine  
  199  21:23  Planetary Fortress, Terran Ship Weapons Level 3  
  196  21:49  Viking  
  196  21:50  Viking  
  159  22:09  Ghost x2, Viking x3  
  159  22:10  Marauder, Marine x8  
  159  22:11  Marauder  
  139  22:28  Marine x5  
  140  22:32  Marauder x2, Viking x3  
  140  22:33  Marine x2, Viking x2  
  140  22:34  Marine, Siege Tank x2  
  154  22:38  Ghost x2  
  154  22:42  Medivac  
  154  22:43  Medivac x2  
  158  22:46  Marine x5  
  158  22:48  Nuke  
  163  22:51  Marine x2  
  163  22:52  Ghost  
  163  22:53  Ghost  
  169  23:00  Marine  
  169  23:02  Medivac  
  169  23:03  Refinery, Marine x4  
  169  23:04  Marine  
  169  23:05  Refinery  
  177  23:06  Ghost  
  177  23:07  Ghost  
  181  23:14  Medivac x4  
  181  23:15  Viking x2  
  193  23:21  Ghost, Marine x4  
  195  23:44  Viking x3  
  195  23:45  Viking x2  
  195  23:46  Ghost x3  
  195  23:47  Marine x6  
  190  23:49  Ghost  
  187  24:07  Viking x2  
  187  24:08  Viking  
  188  24:11  Nuke  
  188  24:13  Marine x6  
  188  24:14  Marine x2, Ghost, Viking  
  200  24:18  Ghost  
  191  24:28  Ghost x2  
  191  24:31  Marine x4  
  152  24:42  Viking x4  
  152  24:43  Ghost  
  148  24:47  Marauder  
  148  24:49  Marine x6  
  151  24:54  Viking x2  
  151  24:57  Ghost x2  
  143  25:08  Ghost  
  143  25:11  Ghost, Marine x2  
  135  25:18  Medivac  
  135  25:20  Marine x3  
  136  25:25  Ghost  
  136  25:27  Medivac  
  136  25:28  Medivac  
  131  25:33  Medivac  
  132  25:38  Medivac x2  
  132  25:41  Marine x2  
  131  25:53  Ghost, Medivac x2  
  131  25:57  Marauder x2, Marine x5  
  135  26:02  Medivac  
  133  26:12  Ghost  
  133  26:13  Marine x3  
  133  26:14  Marine  
  139  26:18  Marauder  
  139  26:19  Marine x2  
  139  26:20  Marauder, Marine  
  139  26:23  Marauder  
  146  26:30  Marine  
  146  26:31  Marine x3  
  123  26:36  Marine  
  123  26:37  Marine  
  123  26:39  Marine  
  100  26:40  Marauder  
  100  26:42  Marine  
  101  26:53  Medivac x3  
  107  26:55  Marine  
  107  26:56  Marauder  
  107  26:59  Marine  
  111  27:04  Ghost  
  113  27:10  Marine x4  
  114  27:20  Marine x4  
Show
View Real Time Build Order
Export as new Build Order

Lambo Zerg - Winner!

Build Orders: Hatch First, Lurkers 

Get SALT Encoding   

  12  0:00  Drone  
  13  0:12  Overlord  
  13  0:17  Drone  
  14  0:30  Drone x2  
  16  0:47  Hatchery  
  15  0:50  Drone  
  15  0:53  Drone  
  17  0:58  Drone  
  18  1:07  Extractor  
  17  1:13  Spawning Pool  
  17  1:16  Drone  
  17  1:18  Drone  
  18  1:28  Drone  
  19  1:38  Drone  
  20  1:50  Drone  
  21  2:00  Queen x2, Zergling x4  
  27  2:10  Drone, Overlord  
  28  2:22  Hatchery  
  28  2:25  Drone  
  28  2:31  Drone  
  28  2:33  Drone  
  28  2:34  Drone  
  30  2:42  Metabolic Boost  
  30  2:44  Drone  
  31  2:47  Overlord  
  31  2:53  Queen  
  31  2:55  Drone  
  31  2:57  Drone  
  35  3:13  Drone, Queen  
  35  3:14  Drone x4  
  35  3:18  Overlord  
  42  3:26  Drone  
  43  3:34  Drone, Queen  
  43  3:35  Drone  
  43  3:36  Queen  
  49  3:42  Drone x2  
  49  3:46  Drone x4  
  55  3:49  Zergling x2  
  56  3:56  Zergling x2  
  57  4:03  Overlord x2  
  57  4:07  Overlord  
  57  4:08  Overlord  
  57  4:13  Lair  
  57  4:16  Extractor, Drone  
  57  4:20  Queen  
  57  4:21  Overlord  
  57  4:22  Drone x4  
  63  4:26  Baneling Nest  
  63  4:29  Zergling x4  
  63  4:30  Drone  
  65  4:33  Drone x2  
  65  4:35  Drone  
  68  4:41  Drone x2  
  68  4:43  Queen  
  68  4:45  Drone  
  73  4:48  Spore Crawler  
  73  4:49  Spore Crawler  
  73  4:50  Drone x2, Spore Crawler  
  71  4:55  Drone x3  
  71  4:56  Drone  
  71  4:59  Drone  
  75  5:01  Drone  
  75  5:02  Drone  
  75  5:03  Drone x2  
  75  5:06  Drone  
  80  5:11  Baneling  
  80  5:12  Baneling x2, Zergling x4  
  82  5:15  Drone x3  
  82  5:17  Extractor  
  82  5:18  Extractor, Overseer  
  82  5:21  Drone, Overseer  
  84  5:24  Drone  
  84  5:25  Extractor  
  84  5:28  Drone x2  
  86  5:30  Drone x2  
  86  5:35  Hatchery  
  87  5:36  Baneling x2, Evolution Chamber  
  87  5:37  Drone, Evolution Chamber  
  87  5:40  Drone x3  
  89  5:43  Drone x2  
  89  5:45  Drone x2  
  89  5:48  Drone  
  94  5:55  Drone x3  
  94  5:58  Centrifical Hooks  
  94  6:02  Drone x2  
  96  6:05  Drone x2  
  96  6:06  Overlord  
  96  6:08  Zerg Ground Armor Level 1, Zerg Melee Weapons Level 1  
  96  6:11  Overlord  
  98  6:16  Overlord  
  98  6:20  Overlord  
  98  6:23  Overlord  
  97  6:26  Overlord  
  97  6:29  Zergling x16  
  105  6:41  Hydralisk Den  
  105  6:44  Zergling x12  
  105  6:45  Zergling x2  
  111  6:48  Drone x2  
  111  6:51  Zergling x2  
  111  6:53  Zergling x4  
  111  6:54  Zergling x2  
  117  6:55  Baneling x2  
  117  6:56  Baneling x6  
  117  6:59  Zergling x6  
  117  7:01  Baneling x3  
  120  7:03  Zergling x6  
  120  7:06  Zergling x2  
  124  7:08  Queen  
  124  7:11  Zergling x10  
  124  7:13  Zergling x2  
  132  7:19  Drone  
  132  7:22  Extractor, Zergling x4  
  130  7:25  Zergling x2  
  131  7:30  Queen  
  131  7:31  Drone  
  131  7:34  Drone x2, Muscular Augments  
  131  7:36  Overlord x3  
  136  7:38  Overlord  
  136  7:41  Hatchery, Baneling  
  136  7:42  Baneling x3  
  136  7:44  Infestation Pit  
  134  7:50  Drone x2  
  136  7:51  Overlord  
  136  7:55  Baneling x2  
  136  7:56  Zergling x16  
  144  7:59  Drone  
  144  8:05  Zergling x14  
  152  8:07  Baneling x4  
  152  8:09  Queen  
  152  8:10  Zergling x16  
  162  8:14  Zergling x2  
  162  8:18  Zergling x2  
  164  8:20  Zerg Ground Armor Level 2, Zerg Melee Weapons Level 2  
  164  8:22  Zergling x4  
  164  8:25  Zergling x2  
  165  8:31  Zergling x10  
  165  8:34  Zergling x8  
  131  8:35  Hive  
  131  8:36  Drone x4  
  131  8:37  Lurker Den  
  131  8:38  Extractor  
  131  8:39  Drone x3  
  133  8:45  Drone x3  
  136  8:49  Hatchery  
  136  8:51  Drone  
  136  8:53  Extractor  
  135  8:56  Grooved Spines  
  135  8:57  Drone x3  
  135  9:00  Drone x5  
  135  9:02  Hydralisk  
  145  9:08  Baneling x5  
  145  9:09  Hydralisk x4  
  145  9:10  Hydralisk  
  145  9:15  Hatchery  
  154  9:18  Baneling x7  
  154  9:20  Hydralisk x3  
  154  9:21  Overlord  
  159  9:25  Hydralisk x2  
  159  9:31  Pneumatized Carapace  
  162  9:32  Hydralisk x2  
  162  9:33  Hydralisk  
  168  9:41  Overlord  
  168  9:45  Hydralisk x6  
  168  9:52  Zergling x4  
  181  9:54  Baneling x4  
  181  9:55  Seismic Spines  
  181  9:56  Overlord  
  177  10:01  Zergling x14  
  177  10:03  Hatchery  
  177  10:05  Zergling x8  
  172  10:13  Lurker x5  
  177  10:16  Zergling x10  
  177  10:17  Zergling x4  
  177  10:21  Drone x2  
  186  10:23  Extractor  
  186  10:25  Extractor, Spore Crawler  
  183  10:30  Drone x5  
  183  10:31  Drone  
  189  10:42  Zergling x22  
  193  10:50  Overlord  
  193  10:52  Zerg Missile Weapons Level 1, Adaptive Talons, Zerg Ground Armor Level 3  
  193  10:58  Overlord  
  193  10:59  Spore Crawler  
  193  11:00  Spine Crawler  
  193  11:01  Spine Crawler  
  190  11:04  Overlord  
  190  11:05  Overlord  
  190  11:09  Overlord  
  190  11:11  Lurker  
  191  11:12  Lurker x5  
  190  11:19  Hydralisk x2  
  190  11:20  Hydralisk x2  
  190  11:25  Overlord  
  198  11:32  Spore Crawler  
  198  11:35  Spore Crawler  
  195  11:43  Lurker x2  
  195  11:44  Lurker  
  198  11:47  Zergling x2  
  198  11:48  Zergling x2  
  196  11:56  Viper  
  191  12:05  Zergling x28  
  199  12:17  Overseer  
  199  12:19  Overseer  
  199  12:24  Spore Crawler  
  199  12:27  Spine Crawler  
  197  12:34  Lurker  
  197  12:35  Lurker  
  199  12:46  Spine Crawler  
  199  12:47  Spine Crawler  
  199  12:48  Lurker  
  199  12:49  Lurker  
  199  13:02  Hatchery  
  199  13:04  Spore Crawler  
  197  13:08  Zerg Melee Weapons Level 3  
  197  13:10  Zergling x6  
  192  13:21  Drone x8  
  192  13:25  Drone x3  
  200  13:28  Zerg Missile Weapons Level 2  
  200  13:44  Zergling x4  
  196  13:51  Extractor  
  196  13:52  Extractor  
  196  13:54  Spire  
  193  14:09  Zergling x16  
  199  14:14  Viper x2  
  199  14:15  Unknown  
  199  14:17  Drone  
  197  14:40  Drone x2  
  197  14:45  Hatchery  
  197  14:46  Spore Crawler  
  197  14:51  Spine Crawler, Baneling x7  
  197  14:52  Spine Crawler  
  193  14:54  Overseer  
  193  14:55  Hatchery, Overseer  
  193  14:58  Zergling x6  
  193  14:59  Zergling x10  
  199  15:01  Adrenal Glands  
  199  15:06  Overlord x2  
  199  15:20  Zerg Flyer Weapons Level 1  
  198  15:22  Zergling x4, Spire  
  198  15:23  Zergling x6  
  192  15:29  Zergling x18  
  192  15:32  Zergling x6  
  200  15:47  Zerg Missile Weapons Level 3  
  200  15:49  Baneling x27  
  200  15:50  Baneling  
  200  15:51  Baneling x10  
  200  15:53  Pathogen Glands  
  200  15:55  Overlord  
  199  15:58  Extractor  
  199  15:59  Spore Crawler  
  199  16:00  Extractor  
  199  16:03  Zergling x30  
  198  16:06  Zergling x10  
  200  16:25  Zergling x2  
  199  16:30  Zergling x6  
  172  16:40  Zergling x42  
  172  16:43  Zergling x26  
  172  16:44  Zergling x20  
  172  16:47  Zergling x14  
  198  16:49  Neural Parasite  
  198  16:52  Zergling x24  
  197  16:56  Zergling x12  
  197  16:58  Greater Spire  
  197  17:01  Zergling x6  
  200  17:02  Baneling x10  
  200  17:04  Drone x3  
  200  17:10  Baneling x11  
  200  17:11  Baneling x14  
  200  17:15  Zerg Flyer Armor Level 1  
  200  17:16  Baneling  
  200  17:17  Baneling x13  
  200  17:19  Overseer x2, Overlord  
  200  17:26  Baneling x6  
  200  17:37  Hatchery  
  169  18:00  Infestor x6  
  169  18:02  Infestor  
  176  18:05  Corruptor  
  176  18:06  Corruptor x8  
  176  18:08  Corruptor x2  
  176  18:09  Corruptor  
  176  18:12  Drone x7  
  199  18:21  Baneling x7  
  199  18:25  Spore Crawler x3  
  199  18:26  Spore Crawler  
  199  18:27  Zerg Flyer Weapons Level 2, Spore Crawler x2  
  199  18:29  Spore Crawler  
  199  18:32  Spore Crawler  
  200  18:36  Baneling x6  
  194  18:43  Brood Lord x8  
  194  18:48  Spore Crawler  
  199  18:53  Spine Crawler  
  199  18:54  Brood Lord  
  199  19:08  Corruptor  
  199  19:12  Burrow  
  199  19:15  Corruptor x3  
  200  19:24  Overseer  
  200  19:26  Overlord  
  200  19:33  Hatchery  
  199  20:12  Zerg Flyer Armor Level 2  
  190  20:24  Corruptor x8  
  195  20:32  Brood Lord x2  
  192  20:50  Corruptor x3  
  192  20:52  Viper  
  192  21:06  Brood Lord x3  
  192  21:07  Corruptor  
  196  21:15  Hatchery  
  196  21:18  Corruptor x3  
  180  21:20  Overlord  
  180  21:21  Overlord x2  
  184  21:33  Overseer x3  
  184  21:34  Overseer  
  178  21:52  Corruptor x3  
  178  21:53  Infestor  
  169  22:09  Corruptor x4  
  175  22:22  Corruptor x4  
  171  22:23  Infestor x2  
  171  22:24  Infestor  
  171  22:28  Viper x4  
  184  22:32  Infestor x2  
  186  22:39  Viper  
  186  22:41  Brood Lord x3  
  186  22:42  Brood Lord x3  
  186  22:44  Corruptor  
  199  22:52  Hatchery, Zerg Flyer Weapons Level 3  
  199  22:53  Zerg Flyer Armor Level 3  
  198  23:05  Hatchery, Corruptor  
  195  23:29  Corruptor x2  
  195  23:33  Extractor  
  198  23:35  Extractor  
  191  24:05  Infestor x2  
  183  24:10  Corruptor x5  
  183  24:15  Corruptor x3  
  194  24:27  Corruptor x2  
  194  24:28  Corruptor x2  
  194  24:30  Zergling x22  
  196  24:35  Corruptor x3  
  189  24:44  Corruptor  
  181  24:48  Overseer  
  171  25:10  Zergling x42  
  181  25:15  Corruptor x2  
  178  25:26  Corruptor x5  
  180  25:34  Drone x5  
  182  25:36  Zergling x12  
  182  25:41  Queen x2, Zergling x2  
  195  25:52  Overseer x2  
  195  26:10  Zergling x12  
  191  26:23  Zergling x12  
  173  26:34  Zergling x6, Overlord  
  172  26:42  Overlord  
  169  26:53  Infestor  
  166  27:00  Zergling x2  
  166  27:01  Zergling x44  
  189  27:05  Zergling x2  
  189  27:16  Zergling x2  
Tags
 
Add a new tag
Caveats
  • Supply blocks, unpowered buildings, or Contaminate may cause inaccurate times.
  • Supply counts are checked every 10 seconds.